 Dungeon Crawl Stone Soup version 0.29-a0-668-g12ee2bf84d (webtiles) character file.

Game seed: 6366748077948458836

331 bande the Covered (level 6, 0/38 HPs)
             Began as a Gargoyle Fighter on June 23, 2022.
             Slain by a white imp (1 damage)
             ... on level 6 of the Dungeon.
             The game lasted 00:08:46 (4666 turns).

bande the Covered (Gargoyle Fighter)                Turns: 4666, Time: 00:08:47

Health: 0/38       AC: 14    Str: 20    XL:     6   Next: 51%
Magic:  6/6        EV:  9    Int:  8    God:
Gold:   236        SH:  5    Dex: 11    Spells: 5/5 levels left

rFire   . . .      SeeInvis .   a - +1 war axe
rCold   . . .      Faith    .   c - +1 buckler
rNeg    + . .      Spirit   .   b - +0 scale mail
rPois   ∞          Reflect  .   q - +2 helmet
rElec   +          Harm     .   (no cloak)
rCorr   .          Rampage  .   (no gloves)
Will    .....                   (no boots)
Stlth   ..........              (no amulet)
HPRegen 0.12/turn               (no ring)
MPRegen 0.10/turn               (no ring)

@: no status effects
A: sickness immunity, AC +4, negative energy resistance 1, electricity
resistance, torment resistance 1, petrification resistance
a: no special abilities


You were on level 6 of the Dungeon.
You visited 1 branch of the dungeon, and saw 6 of its levels.

You collected 236 gold pieces.

Inventory:

Hand Weapons
 a - a +1 war axe (weapon)
 r - a +2 morningstar of flaming
Missiles
 k - a throwing net (quivered)
Armour
 b - a +0 scale mail (worn)
 c - a +1 buckler (worn)
 q - a +2 helmet (worn)
Wands
 m - a wand of flame (18)
Scrolls
 h - 2 scrolls of magic mapping
 i - a scroll of blinking
 n - a scroll of fear
 p - a scroll of enchant armour
Potions
 d - 3 potions of might
 e - a potion of mutation {unknown}
 f - 6 potions of curing
 g - 2 potions of flight {unknown}
 j - a potion of lignification {unknown}
 l - 3 potions of haste
 o - a potion of heal wounds {unknown}


   Skills:
 + Level 4.2 Fighting
 + Level 4.0 Axes
 + Level 4.4 Armour
 + Level 4.0 Shields
 * Level 1.9 Evocations


You had 5 spell levels left.
You didn't know any spells.
Your spell library was empty.

Dungeon Overview and Level Annotations

Branches:
Dungeon (6/15)
 Temple: D:4-7

Altars:
Cheibriados
Hepliaklqana
Kikubaaqudgha
Uskayaw


Innate Abilities, Weirdness & Mutations

You are immune to sickness and miasma.
Your stone body is resilient. (AC +4)
You are immune to poison.
You resist negative energy. (rN+)
You are resistant to electric shocks. (rElec)
You are resistant to unholy torment.
You are immune to petrification.


Message History

You are too injured to fight recklessly!
You are too injured to fight recklessly!
You are too injured to fight recklessly!
You are too injured to fight recklessly!
Unknown command.
You hit the gnoll sergeant.
The gnoll sergeant is lightly wounded.
You hit the gnoll.
The gnoll sergeant hits you but does no damage.
The gnoll barely misses you.
You hit the gnoll sergeant but do no damage.
The gnoll sergeant is lightly wounded.
You closely miss the gnoll. The gnoll hits you with a +0 flail.
You block the gnoll sergeant's attack.
The gnoll sergeant hits you with a +0 trident!
* * * LOW HITPOINT WARNING * * *
The gnoll misses you.
You hit the gnoll sergeant but do no damage.
The gnoll sergeant is lightly wounded.
You slash the gnoll!
You kill the gnoll!
The gnoll sergeant barely misses you.
Your Axes skill increases to level 4!
Unknown command.
You slash the gnoll sergeant!
The gnoll sergeant is moderately wounded.
You hit the white imp but do no damage. The white imp closely misses you.
The gnoll sergeant barely misses you.
You slash the gnoll sergeant!
The gnoll sergeant is almost dead.
You hit the white imp. You block the white imp's attack.
The gnoll sergeant hits you with a +0 trident.
* * * LOW HITPOINT WARNING * * *
Unknown command.
You hit the gnoll sergeant.
The gnoll sergeant is almost dead.
You hit the white imp.
The white imp hits you but does no damage.
The gnoll sergeant barely misses you. x2; The white imp hits you.
You die...

.....####...##
.... ....##
###..## #....
...## ##..##
#... ...#
##..###.. ...#
##..#.### ..##
##...#8###8
### ##...(....
# #.)......
#@)......
#g5#8###⌠
..#### #.## #.
#. .. ..


You could see a gnoll sergeant and a white imp.

Vanquished Creatures
  A howler monkey (D:5)
  An orc priest (D:4)
  2 iguanas
  An orc wizard (D:4)
  3 gnolls (D:6)
  6 adders
  An ufetubus (D:4)
  A worm (D:3)
  2 dart slugs
  10 orcs
  5 bats
  5 endoplasms
  3 giant cockroaches
  5 hobgoblins
  7 jackals (D:3)
  A quokka (D:3)
  12 ball pythons
  8 frilled lizards
  7 goblins
  6 kobolds
  4 rats
91 creatures vanquished.

Notes
Turn   | Place    | Note
-------+----------+-------------------------------------------
     0 | D:1      | bande the Gargoyle Fighter began the quest for the Orb.
     0 | D:1      | Reached XP level 1. HP: 14/14 MP: 1/1
   241 | D:1      | Reached XP level 2. HP: 19/19 MP: 2/2
   263 | D:1      | Found a faded altar of an unknown god.
   753 | D:1      | Reached XP level 3. HP: 24/24 MP: 3/3
  1840 | D:3      | Found an ancient bone altar of Kikubaaqudgha.
  1957 | D:3      | Reached XP level 4. HP: 23/29 MP: 4/4
  2428 | D:3      | Found a snail-covered altar of Cheibriados.
  3283 | D:4      | Reached skill level 1 in Evocations
  3283 | D:4      | Reached XP level 5. HP: 25/33 MP: 5/5
  4003 | D:5      | Entered Level 5 of the Dungeon
  4037 | D:5      | Found a hide-covered altar of Uskayaw.
  4102 | D:5      | Reached XP level 6. HP: 38/38 MP: 6/6
  4316 | D:5      | Found a hazy altar of Hepliaklqana.
  4665 | D:6      | HP: 1/38 [gnoll sergeant/+0 trident (3)]
  4666 | D:6      | Slain by a white imp

Illustrated notes

Levels and vault maps discovered:
D:1:      erik_arrival_orb_chamber, layout_basic,
          shapermc_ecumenical_altar_notcrosses
D:2:      layout_basic
D:3:      layout_basic, nicolae_overflow_crystal_walls, chei_slow_surprise,
          lemuel_old_faithful
D:4:      layout_basic
D:5:      layout_loops_ring, nicolae_uskayaw_dance_hall,
          mainiacjoe_overflow_brackets
D:6:      layout_cave_pods, corexii_hall_statues_i, uniq_edmund, uniq_maggie,
          uniq_menkaure

Skill      XL: |  1  2  3  4  5  6 |
---------------+-------------------+-----
Axes           | 2 3 4 |  4.0
Armour         | 4 |  4.4
Evocations     | 1 |  1.9
Shields        | 4 |  4.0
Fighting       | 4 |  4.2

Action                   |  1- 3 |  4- 6 || total
-------------------------+-------+-------++-------
Melee: War axe           |   117 |   157 ||   274
  Use: Scroll            |     6 |     7 ||    13
Armor: Scale mail        |    87 |    76 ||   163
Dodge: Dodged            |    70 |    78 ||   148
Block: Buckler           |    28 |    40 ||    68

Table legend: (Time is in decaauts)
 A = Elapsed time spent in this place.
 B = Non-inter-level travel time spent in this place.
 C = Inter-level travel time spent in this place.
 D = Time resting spent in this place.
 E = Time spent auto-exploring this place.
 F = Levels seen in this place.
 G = Mean time per level.
                   A        B        C        D        E       F      G
               +--------+--------+--------+--------+--------+-----+--------+
         Total |   4777 |   4777 |      0 |    855 |   3112 |   6 |  796.2 |
       Dungeon |   4777 |   4777 |      0 |    855 |   3112 |   6 |  796.2 |
               +--------+--------+--------+--------+--------+-----+--------+

Top non-repeatable levels by time:
     D:3: 1537 daAuts
     D:2: 931 daAuts
     D:1: 874 daAuts
     D:4: 760 daAuts
     D:5: 586 daAuts
     D:6: 86 daAuts
